 Dungeon Crawl Stone Soup version 0.30-a0-364-gf6b3ef1049 (webtiles) character file.

Game seed: 16371396841545814542

5600 marietta the Covert (level 10, -3/79 HPs)
             Began as an Armataur Warper on Nov 14, 2022.
             Was a High Priest of Okawaru.
             Slain by a polar bear (22 damage)
             ... on level 8 of the Dungeon.
             The game lasted 00:25:54 (9969 turns).

marietta the Covert (Armataur Warper)               Turns: 9969, Time: 00:25:55

Health: -3/79      AC: 15    Str: 23    XL:     10   Next: 45%
Magic:  4/4        EV:  7    Int: 23    God:    Okawaru [*****.]
Gold:   548        SH:  0    Dex:  9    Spells: 7/12 levels left

rFire   . . .      SeeInvis .    b - +10 sling of the Battered Ears {antimagic, rPois rF- rCorr Str+3 Int+5}
rCold   . . .      Faith    +    (no shield)
rNeg    . . .      Spirit   .    L - +1 robe of Wu Jian's Condemnation {Str+3}
rPois   +          Reflect  .    i - +0 helmet
rElec   .          Harm     .    H - +0 cloak
rCorr   +          Roll     +    (no gloves)
Will    .....                    I - +0 barding
Stlth   +++++.....               r - amulet of faith
HPRegen 0.33/turn                E - ring of protection from fire
MPRegen 0.09/turn                d - +4 ring of protection

@: no status effects
A: large, rugged brown scales 3, deformed body, armoured tail, roll, long
tongue, awkward tongue
a: Renounce Religion, Heroism, Finesse, Duel


You were on level 8 of the Dungeon.
You worshipped Okawaru.
Okawaru was extremely pleased with you.
You visited 2 branches of the dungeon, and saw 9 of its levels.

You collected 548 gold pieces.

Inventory:

Hand Weapons
 a - a +3 dagger of draining
 b - the +10 sling of the Battered Ears (weapon) {antimagic, rPois rF- rCorr Str+3 Int+5}
   (You found it on level 3 of the Dungeon)

   It reduces the magical energy of the wielder, and disrupts the spells and
   magical abilities of those it strikes.
   Natural abilities and divine invocations are not affected.
   Str:       It affects your strength (+3).
   Int:       It affects your intelligence (+5).
   rF:        It makes you vulnerable to fire.
   rPois:     It protects you from poison.
   rCorr:     It protects you from acid and corrosion.
 s - a +0 rapier
 t - a +2 short sword of holy wrath
Missiles
 v - 10 atropa-tipped darts
 y - 38 stones
 J - 8 poisoned darts
Armour
 i - a +0 helmet (worn)
 x - a +1 leather armour
 C - a +2 robe of cold resistance
 G - the +1 barding of Putithod {rPois rCorr Slay-2}
   (Okawaru gifted it to you on level 8 of the Dungeon)

   Slay:      It affects your accuracy & damage with ranged weapons and melee
   (-2).
   rPois:     It protects you from poison.
   rCorr:     It protects you from acid and corrosion.
 H - a +0 cloak (worn)
 I - a +0 barding (worn)
 L - the +1 robe of Wu Jian's Condemnation (worn) {Str+3}
   (You found it on level 7 of the Dungeon)

   Str:       It affects your strength (+3).
 P - a +0 buckler
Jewellery
 d - a +4 ring of protection (right hand)
 r - an amulet of faith (around neck)
 u - a ring of positive energy
 z - a ring of protection from cold
 B - a ring of see invisible
 D - a ring of willpower
 E - a ring of protection from fire (left hand)
Wands
 l - a wand of roots (11)
 m - a wand of flame (31)
 A - a wand of light (7)
 K - a wand of paralysis (13)
Scrolls
 c - a scroll of blinking
 e - 10 scrolls of teleportation
 f - a scroll of amnesia
 h - a scroll of vulnerability
 w - 2 scrolls of immolation
 F - a scroll of noise
 O - 3 scrolls of identify
Potions
 g - a potion of haste
 j - 2 potions of lignification
 k - 2 potions of flight
 n - 3 potions of attraction
 o - a potion of berserk rage
 p - 3 potions of curing
 q - a potion of magic {unknown}
 M - a potion of might
 N - a potion of ambrosia {unknown}
 Q - a potion of brilliance {unknown}


   Skills:
 - Level 2.4 Fighting
 - Level 3.3 Short Blades
 - Level 7.7 Ranged Weapons
 - Level 0.8 Throwing
 - Level 1.2 Armour
 - Level 1.3 Dodging
 - Level 13.2 Stealth
 - Level 1.7 Spellcasting
 + Level 0.8 Conjurations
 - Level 3.0 Translocations
 + Level 0.8 Air Magic
 + Level 0.9 Poison Magic


You had 7 spell levels left.
You knew the following spells:

 Your Spells              Type           Power      Damage    Failure   Level
a - Blink                 Tloc           30%        N/A       6%          2
b - Mephitic Cloud        Conj/Pois/Air  6%         N/A       28%         3

Your spell library contained the following spells:

 Spells                   Type           Power      Damage    Failure   Level
 Magic Dart               Conj           20%        1d4       10%         1
 Lesser Beckoning         Tloc           30%        N/A       12%         3
 Teleport Other           Tloc           15%        N/A       12%         3
 Slow                     Hex            8%         N/A       13%         1
 Vhi's Electric Charge    Tloc/Air       20%        N/A       19%         3
 Sublimation of Blood     Necr           2%         N/A       21%         2
 Hailstorm                Conj/Ice       3%         3d3       32%         3
 Confusing Touch          Hex            2%         N/A       36%         3
 Ozocubu's Armour         Ice            2%         N/A       36%         3
 Vampiric Draining        Necr           2%         2d6       36%         3
 Manifold Assault         Tloc           15%        N/A       36%         4
 Cause Fear               Hex            1%         N/A       78%         4
 Ice Form                 Ice/Tmut       2%         N/A       78%         4
 Petrify                  Tmut/Erth      2%         N/A       78%         4
 Iskenderun's Battlesphe  Conj           5%         2d6       95%         5
 Fireball                 Conj/Fire      1%         3d3       97%         5
 Irradiate                Conj/Tmut      1%         3d12      97%         5
 Metabolic Englaciation   Hex/Ice        1%         N/A       98%         5
 Conjure Ball Lightning   Conj/Air       2%         3x3d6     100%        6
 Dragon Form              Tmut           1%         N/A       100%        7
 Orb of Destruction       Conj           2%         9d5       100%        7
 Call Imp                 Summ           Unusable   N/A       N/A         2
 Simulacrum               Ice/Necr       Unusable   N/A       N/A         6
 Dragon's Call            Summ           Unusable   N/A       N/A         9

Dungeon Overview and Level Annotations

Branches:
Dungeon (8/15)             Temple (1/1) D:4            Lair (0/5) D:8

Altars:
Ashenzari
Cheibriados
Elyvilon
Fedhas
Gozag
Hepliaklqana
Kikubaaqudgha
Makhleb
Nemelex Xobeh
Okawaru
Qazlal
Sif Muna
Trog
Vehumet
Wu Jian
Xom
Yredelemnul
Zin
The Shining One

Annotations:
D:3 2 transporters, purpskrrrp's ghost, amateur FoHu


Innate Abilities, Weirdness & Mutations

You are completely covered in rugged brown scales. (AC +3, +7% HP)
Armour fits poorly on your strangely shaped body.
You have a long armoured tail.
You roll when moving toward enemies. (Rampage)
Your long tongue fully drains potion bottles. (2x potion effects)
Your tongue gives you trouble enunciating. (1.5x scroll delay)


Message History

The polar bear is heavily wounded.
The polar bear bites you but does no damage.
The polar bear claws you but does no damage. x2
You shoot a sling bullet. The sling bullet hits the polar bear!
The polar bear is heavily wounded.
The polar bear bites you.
The polar bear claws you but does no damage. x2
You shoot a sling bullet. The sling bullet hits the polar bear!
The polar bear is severely wounded.
The polar bear goes berserk!
You shoot a sling bullet. The sling bullet hits the polar bear!
The polar bear is almost dead.
The polar bear bites you!
The polar bear claws you but does no damage. x2
The polar bear bites you. The polar bear claws you.
The polar bear claws you but does no damage.
You are too injured to fight recklessly!
You are too injured to fight recklessly!
You are too injured to fight recklessly!
Fire: b) +10 sling of the Battered Ears {antimagic, rPois rF- rCorr Str+3 Int+5}
Press: ? - help, Q - select action, (/) - cycle Shift-Dir - straight line, f/p - polar bear
Aim: a polar bear (almost dead, berserk, 74% to hit)
You shoot a sling bullet. The sling bullet hits the polar bear.
The polar bear is almost dead.
The polar bear bites you but does no damage.
The polar bear barely misses you. The polar bear claws you.
The white imp disappears for a moment.
Fire: b) +10 sling of the Battered Ears {antimagic, rPois rF- rCorr Str+3 Int+5}
Press: ? - help, Q - select action, (/) - cycle Shift-Dir - straight line, f/p - polar bear
Aim: a polar bear (almost dead, berserk, 74% to hit)
You shoot a sling bullet.
The sling bullet barely misses the polar bear.
The sling bullet barely misses the white imp.
The polar bear bites you.
* * * LOW HITPOINT WARNING * * *
The polar bear claws you but does no damage.
The polar bear claws you.
* * * LOW HITPOINT WARNING * * *
The polar bear bites you!!
You die...

.............#
###########...#
...P......>..# #....
##P..........# #######....
####........########........
... ######.............###
#.......###..........#
#......##.##5........#
#..........#h##......#
#.###..##.##@##......#
#.####..###..###....##
#.......[...........#
#####.#######.##....# #.# .#
....# #.# .# #.# .# #.# ##
#.#


You could see a polar bear (berserk) and a white imp.

Vanquished Creatures
  An ugly thing (D:7)
  Maggie (D:8)
  The ghost of blackman the Charlatan, a novice HuDe (D:6)
  Sigmund (D:6)
  A wyvern (D:8)
  5 yaks
  3 water moccasins (D:8)
  3 ice beasts
  An orc warrior (D:7)
  4 sky beasts
  5 black bears
  3 ogres
  3 phantoms (D:5)
  2 kobold brigands
  A gnoll sergeant (D:8)
  2 bullfrogs
  5 scorpions
  A hornet simulacrum (D:8)
  A wight (D:7)
  7 howler monkeys
  4 orc priests
  3 hounds
  2 jellies
  4 orc wizards
  2 iguanas (D:5)
  2 killer bee simulacra (D:8)
  6 gnolls
  An adder (D:3)
  A shadow imp (D:6)
  5 white imps
  An ufetubus (D:8)
  3 worms
  A dart slug (D:1)
  32 orcs
  6 bats
  2 endoplasms (D:3)
  2 giant cockroaches (D:1)
  A goblin (D:1)
  5 hobgoblins
  4 jackals (D:2)
  11 kobolds
  2 quokkas (D:1)
  6 ball pythons
  A frilled lizard (D:3)
  2 rats (D:1)
160 creatures vanquished.

Vanquished Creatures (others)
  52 fungi (D:8)
  58 plants (D:8)
110 creatures vanquished.

Grand Total: 270 creatures vanquished

Notes
Turn   | Place    | Note
-------+----------+-------------------------------------------
     0 | D:1      | marietta the Armataur Warper began the quest for the Orb.
     0 | D:1      | Reached XP level 1. HP: 18/18 MP: 3/3
   223 | D:1      | Reached XP level 2. HP: 21/25 MP: 4/4
   385 | D:1      | Reached skill level 1 in Stealth
  1098 | D:2      | Learned a level 2 spell: Blink
  1355 | D:2      | Reached XP level 3. HP: 19/31 MP: 5/5
  2408 | D:3      | Reached skill level 2 in Stealth
  2408 | D:3      | Reached XP level 4. HP: 21/39 MP: 6/6
  2498 | D:3      | Found a transporter.
  2538 | D:3      | Reached skill level 3 in Stealth
  2607 | D:3      | Found a transporter.
  2607 | D:3      | Noticed an ogre
  2644 | D:3      | Identified the +10 sling of the Battered Ears {antimagic,
                  | rPois rF- rCorr Str+3 Int+5}
  3010 | D:3      | Noticed an ogre
  3016 | D:3      | Noticed purpskrrrp's ghost (amateur FoHu)
  3095 | D:3      | Reached XP level 5. HP: 44/44 MP: 2/7
  3311 | D:4      | Reached skill level 1 in Ranged Weapons
  3311 | D:4      | Reached skill level 4 in Stealth
  3441 | D:4      | Noticed an ogre
  3446 | D:4      | Killed an ogre
  3447 | D:4      | Reached XP level 6. HP: 53/53 MP: 2/8
  3833 | D:4      | Found a staircase to the Ecumenical Temple.
  3875 | D:4      | Reached skill level 5 in Stealth
  3974 | Temple   | Entered the Ecumenical Temple
  4028 | Temple   | Became a worshipper of Warmaster Okawaru
  4421 | D:5      | Entered Level 5 of the Dungeon
  4429 | D:5      | Reached XP level 7. HP: 59/59 MP: 3/9
  4473 | D:5      | Reached skill level 6 in Stealth
  4696 | D:5      | Reached * piety under Okawaru
  4816 | D:5      | Reached skill level 7 in Stealth
  5321 | D:5      | Reached XP level 8. HP: 66/66 MP: 3/10
  5416 | D:5      | Reached ** piety under Okawaru
  5914 | D:6      | Noticed Sigmund
  5927 | D:6      | Killed Sigmund
  5928 | D:6      | Reached skill level 8 in Stealth
  5997 | D:6      | Found a shimmering altar of Xom.
  5999 | D:6      | Found a shimmering altar of Xom.
  5999 | D:6      | Found a shimmering altar of Xom.
  6457 | D:6      | Found a large runed translucent door.
  6457 | D:6      | Found a large runed translucent door.
  6463 | D:6      | Noticed blackman's ghost (novice HuDe)
  6475 | D:6      | Reached skill level 5 in Ranged Weapons
  6540 | D:6      | Reached skill level 9 in Stealth
  6630 | D:6      | Reached *** piety under Okawaru
  7107 | D:6      | Killed blackman's ghost
  7108 | D:6      | Reached XP level 9. HP: 39/72 MP: 4/11
  7241 | D:7      | Noticed a purple ugly thing
  7483 | D:7      | Reached skill level 10 in Stealth
  7510 | D:7      | Killed a purple ugly thing
  7510 | D:7      | Reached **** piety under Okawaru
  7864 | D:7      | Reached skill level 11 in Stealth
  7877 | D:7      | Reached ***** piety under Okawaru
  7997 | D:7      | Identified the +1 robe of Wu Jian's Condemnation {Str+3}
  8538 | D:8      | Reached skill level 12 in Stealth
  8546 | D:8      | Reached XP level 10. HP: 22/79 MP: 4/12
  8845 | D:8      | Received a gift from Okawaru
  9107 | D:8      | Noticed Maggie
  9139 | D:8      | Killed Maggie
  9139 | D:8      | Identified the +1 barding of Putithod {rPois rCorr Slay-2}
                  | (Okawaru gifted it to you on level 8 of the Dungeon)
  9139 | D:8      | Received a gift from Okawaru
  9527 | D:8      | Found a stormy altar of Qazlal.
  9534 | D:8      | Found a blossoming altar of Fedhas.
  9587 | D:8      | Found a staircase to the Lair.
  9600 | D:8      | Reached skill level 13 in Stealth
  9808 | D:8      | Learned a level 3 spell: Mephitic Cloud
  9969 | D:8      | Slain by a polar bear

Illustrated notes

Levels and vault maps discovered:
D:1:      psy_arrival_radial02, layout_basic
D:2:      layout_basic
D:3:      layout_rooms, gammafunk_ghost_smash
D:4:      nicolae_cairo_tiling, layout_loops_cross,
          minmay_temple_entry_enclosed_plants
D:5:      layout_gridville, cheibrodos_sewer_entry_bend,
          chequers_serial_rivers_marsh
D:6:      layout_gridville, xom_redecorated, ebering_ghost_disaster_area,
          uniq_sigmund
D:7:      layout_rooms, kennysheep_potato
D:8:      layout_basic, grunt_temple_overflow_forces_of_nature,
          due_lair_maze_entry_diamond, serial_ice, serial_ice_e, serial_ice_h,
          serial_ice_b, serial_ice_d, serial_ice_m, serial_ice_o, uniq_maggie
Temple:   nicolae_temple_x_marks_the_god

Skill      XL: |  1  2  3  4  5  6  7  8  9 10 |
---------------+-------------------------------+-----
Short Blades   | 2 3 |  3.3
Fighting       | 2 |  2.4
Stealth        | 1 2 3 4 5 7 9 12 13 | 13.2
Ranged Weapons | 1 2 4 5 7 |  7.7
Throwing       | |  0.8
Armour         | |  1.2
Dodging        | |  1.3
Spellcasting   | |  1.7
Conjurations   | |  0.8
Translocations | |  3.0
Air Magic      | |  0.8
Poison Magic   | |  0.9

Action                   |  1- 3 |  4- 6 |  7- 9 | 10-12 || total
-------------------------+-------+-------+-------+-------++-------
Melee: Short sword       |   145 |    56 |   211 |       ||   412
       Tailslap          |    19 |     7 |    29 |    10 ||    65
       Punch             |     2 |     1 |     4 |     1 ||     8
       Dagger            |       |       |    69 |    90 ||   159
 Fire: Sling             |       |    35 |   193 |    79 ||   307
Throw: Boomerang         |     4 |     3 |       |       ||     7
Invok: Heroism           |       |       |     3 |     1 ||     4
Evoke: Wand              |       |     3 |       |       ||     3
  Use: Potion            |     1 |     3 |     2 |       ||     6
       Scroll            |       |    12 |     6 |       ||    18
 Stab: Sleeping          |       |     2 |     2 |     1 ||     5
Armor: Leather armour    |    60 |    15 |       |       ||    75
       Skin              |     4 |       |       |       ||     4
       Robe              |       |    11 |   203 |    95 ||   309
Dodge: Dodged            |    65 |    24 |   100 |    40 ||   229

Table legend: (Time is in decaauts)
 A = Elapsed time spent in this place.
 B = Non-inter-level travel time spent in this place.
 C = Inter-level travel time spent in this place.
 D = Time resting spent in this place.
 E = Time spent auto-exploring this place.
 F = Levels seen in this place.
 G = Mean time per level.
                   A        B        C        D        E       F      G
               +--------+--------+--------+--------+--------+-----+--------+
         Total |   9864 |   9028 |    836 |   1947 |   5402 |   9 | 1096.0 |
       Dungeon |   9750 |   8970 |    780 |   1916 |   5402 |   8 | 1218.8 |
        Temple |    113 |     57 |     56 |     31 |      0 |   1 |  113.0 |
               +--------+--------+--------+--------+--------+-----+--------+

Top non-repeatable levels by time:
     D:8: 1552 daAuts
     D:5: 1460 daAuts
     D:6: 1450 daAuts
     D:1: 1253 daAuts
     D:4: 1123 daAuts
     D:2: 1074 daAuts
     D:7: 1018 daAuts
     D:3: 818 daAuts
  Temple: 113 daAuts
